 Dungeon Crawl Stone Soup version 0.30-a0-311-gf115ab0292 (webtiles) character file.

Game seed: 591302590424956845

247 McGhostyFace the Thaumaturge (level 6, -3/79 HPs)
             Began as a Gnoll Wanderer on Oct 26, 2022.
             Slain by a gnoll
             ... wielding a +0 spear
              (7 damage)
             ... on level 4 of the Dungeon.
             The game lasted 00:07:17 (3398 turns).

McGhostyFace the Thaumaturge (Gnoll Wanderer)       Turns: 3398, Time: 00:07:17

Health: -3/79      AC:  6    Str: 10    XL:     6   Next: 11%
Magic:  16/18      EV: 11    Int: 15    God:
Gold:   97         SH:  0    Dex: 11    Spells: 23/24 levels left

rFire   . . .      SeeInvis .    m - +2 dagger (flame)
rCold   + + +      Faith    .    (no shield)
rNeg    . . .      Spirit   .    v - +1 leather armour "Dueninu" {rPois rC++}
rPois   +          Reflect  .    (no helmet)
rElec   .          Harm     .    (no cloak)
rCorr   +          Rampage  .    (no gloves)
Will    .....                    f - +1 pair of boots
Stlth   ..........               (no amulet)
HPRegen 0.33/turn                d - ring of resist corrosion
MPRegen 0.16/turn                l - ring of protection from cold

@: berserking, very quick
A: fangs 1, strong nose, distributed training
a: no special abilities


You were on level 4 of the Dungeon.
You visited 1 branch of the dungeon, and saw 4 of its levels.

You collected 97 gold pieces.

Inventory:

Hand Weapons
 a - a +1 short sword
 m - a +2 dagger of flaming (weapon)
Missiles
 s - a throwing net (quivered)
 w - 2 poisoned darts
Armour
 f - a +1 pair of boots (worn)
 j - a +2 robe of positive energy
 v - the +1 leather armour "Dueninu" (worn) {rPois rC++}
   (You found it on level 3 of the Dungeon)

   rC:        It greatly protects you from cold.
   rPois:     It protects you from poison.
Jewellery
 d - a ring of resist corrosion (left hand)
 l - a ring of protection from cold (right hand)
 u - a ring of see invisible
Wands
 y - a wand of flame (15)
Scrolls
 b - a scroll of silence
 c - a scroll of enchant armour
 g - 2 scrolls of identify
 p - a scroll of poison
Potions
 e - 2 potions of might {unknown}
 h - a potion of magic {unknown}
 i - 2 potions of berserk rage
 n - a potion of mutation {unknown}
 o - 2 potions of curing
 q - 2 potions of lignification {unknown}
 t - a potion of brilliance {unknown}
 x - a potion of cancellation {unknown}


   Skills:
 + Level 6.8 Fighting
 + Level 3.2 Short Blades
 + Level 1.9 Long Blades
 + Level 1.9 Axes
 + Level 1.9 Maces & Flails
 + Level 1.9 Polearms
 + Level 1.9 Staves
 + Level 1.9 Ranged Weapons
 + Level 1.9 Throwing
 + Level 3.2 Armour
 + Level 1.9 Dodging
 + Level 1.9 Stealth
 + Level 1.9 Shields
 + Level 1.9 Unarmed Combat
 + Level 9.5 Spellcasting
 + Level 1.5 Conjurations
 + Level 1.5 Hexes
 + Level 1.5 Summonings
 + Level 1.5 Necromancy
 + Level 1.5 Translocations
 + Level 1.5 Transmutations
 + Level 1.5 Fire Magic
 + Level 1.5 Ice Magic
 + Level 1.5 Air Magic
 + Level 1.5 Earth Magic
 + Level 1.5 Poison Magic
 + Level 2.1 Invocations
 + Level 1.9 Evocations


You had 23 spell levels left.
You knew the following spells:

 Your Spells              Type           Power      Damage    Failure   Level
a - Summon Small Mammal   Summ           44%        N/A       8%          1

Your spell library contained the following spells:

 Spells                   Type           Power      Damage    Failure   Level
 Hailstorm                Conj/Ice       11%        3d5       22%         3
 Portal Projectile        Hex/Tloc       22%        N/A       22%         3
 Summon Guardian Golem    Hex/Summ       11%        N/A       22%         3


Dungeon Overview and Level Annotations

Branches:
Dungeon (4/15)
 Temple: D:4-7

Altars:

Shops:
D:3 [*


Innate Abilities, Weirdness & Mutations

You have very sharp teeth.
Your uncanny sense of smell can sniff out nearby items.
Your experience applies equally to all skills.


Message History

Your bat's corpse disappears in a puff of smoke!
You struggle against the net.
Your bat hits the gnoll but does no damage.
Your bat hits the gnoll.
You rip the net and break free!
Your bat barely misses the gnoll.
The gnoll barely misses you. The gnoll hits you but does no damage.
Your bat closely misses the gnoll.
The gnoll hits you from afar with a +1 spear of flaming!
The gnoll burns you.
The gnoll hits you from afar with a +0 spear.
Your bat hits the gnoll but does no damage.
You hit the gnoll. You burn the gnoll.
The gnoll is moderately wounded.
Your bat closely misses the gnoll.
Your bat completely misses the gnoll.
The gnoll barely misses your bat. The gnoll barely misses you.
The gnoll closely misses you.
The gnoll hits you from afar with a +0 spear.
You hit the gnoll but do no damage.
The gnoll is moderately wounded.
Your bat hits the gnoll but does no damage.
The gnoll hits you but does no damage. The gnoll hits you with a +0 flail!
* * * LOW HITPOINT WARNING * * *
The gnoll hits you from afar with a +0 spear.
* * * LOW HITPOINT WARNING * * *
You feel better.
Your bat hits the gnoll but does no damage.
The gnoll hits you from afar with a +0 halberd!
* * * LOW HITPOINT WARNING * * *
The gnoll hits you but does no damage. x2; The gnoll closely misses you.
It was a potion of berserk rage.
A red film seems to cover your vision as you go berserk!
You feel yourself moving faster!
You feel mighty!
Your bat hits the gnoll but does no damage.
The gnoll hits you from afar with a +1 spear of flaming.
* * * LOW HITPOINT WARNING * * *
The gnoll burns you.
* * * LOW HITPOINT WARNING * * *
The gnoll barely misses you. The gnoll closely misses you.
The gnoll hits you from afar with a +0 spear!
You die...

......##.....##.
..... ##.....#
.... +......#
..... #......#
..... #......#
......##.....#
.....##..ggg#
........)b..#
........).@g# .
............# .
#...###..#### .#
####
#+###.####.###
#..........
#..........
#..........
#..<....†..
+..........


You could see 4 gnolls and a friendly bat (summoned).

Vanquished Creatures
  An ice beast (D:4)
  A hound (D:3)
  An orc wizard (D:3)
  An adder (D:2)
  A worm (D:4)
  4 orcs
  A bat (D:1)
  4 endoplasms
  6 giant cockroaches
  3 goblins
  5 hobgoblins
  8 kobolds
  3 quokkas
  4 ball pythons
  3 rats
46 creatures vanquished.

Vanquished Creatures (collateral kills)
  An orc wizard (D:4)
  A worm (D:2)
  An orc (D:3)
  An endoplasm (D:4)
  A giant cockroach (D:3)
  A hobgoblin (D:1)
  2 frilled lizards (D:1)
  A kobold (D:1)
  A rat (D:1)
10 creatures vanquished.

Vanquished Creatures (others)
  4 plants (D:2)
4 creatures vanquished.

Grand Total: 60 creatures vanquished

Notes
Turn   | Place    | Note
-------+----------+-------------------------------------------
     0 | D:1      | Reached skill level 9 in Spellcasting
     0 | D:1      | McGhostyFace the Gnoll Wanderer began the quest for the
                  | Orb.
     0 | D:1      | McGhostyFace set off with the following items: a +1 short
                  | sword, a scroll of silence, a +0 robe; and the following
                  | spell memorised: Summon Small Mammal; and the following
                  | spells available to memorise: Hailstorm, Portal Projectile,
                  | Summon Guardian Golem.
     0 | D:1      | Reached XP level 1. HP: 23/23 MP: 10/10
   304 | D:1      | Reached XP level 2. HP: 28/29 MP: 12/12
  1249 | D:2      | Reached XP level 3. HP: 26/35 MP: 10/13
  1285 | D:2      | Reached skill level 1 in Invocations
  1612 | D:2      | Reached skill level 1 in Long Blades
  1612 | D:2      | Reached skill level 1 in Axes
  1612 | D:2      | Reached skill level 1 in Maces & Flails
  1612 | D:2      | Reached skill level 1 in Polearms
  1612 | D:2      | Reached skill level 1 in Staves
  1612 | D:2      | Reached skill level 1 in Ranged Weapons
  1612 | D:2      | Reached skill level 1 in Throwing
  1612 | D:2      | Reached skill level 1 in Dodging
  1612 | D:2      | Reached skill level 1 in Stealth
  1612 | D:2      | Reached skill level 1 in Shields
  1612 | D:2      | Reached skill level 1 in Unarmed Combat
  1612 | D:2      | Reached skill level 1 in Evocations
  1734 | D:2      | Found a faded altar of an unknown god.
  2259 | D:3      | Reached skill level 1 in Conjurations
  2259 | D:3      | Reached skill level 1 in Hexes
  2259 | D:3      | Reached skill level 1 in Summonings
  2259 | D:3      | Reached skill level 1 in Necromancy
  2259 | D:3      | Reached skill level 1 in Translocations
  2259 | D:3      | Reached skill level 1 in Transmutations
  2259 | D:3      | Reached skill level 1 in Fire Magic
  2259 | D:3      | Reached skill level 1 in Ice Magic
  2259 | D:3      | Reached skill level 1 in Air Magic
  2259 | D:3      | Reached skill level 1 in Earth Magic
  2259 | D:3      | Reached skill level 1 in Poison Magic
  2259 | D:3      | Reached XP level 4. HP: 26/41 MP: 12/15
  2568 | D:3      | Identified the +1 leather armour "Dueninu" {rPois rC++}
  2573 | D:3      | Reached XP level 5. HP: 44/47 MP: 16/16
  2799 | D:3      | Found Wuycw's Antique Armour Shop.
  2961 | D:3      | Found Heax's General Store.
  3364 | D:4      | Noticed an ice beast
  3383 | D:4      | Killed an ice beast
  3384 | D:4      | Reached XP level 6. HP: 29/53 MP: 14/18
  3398 | D:4      | Slain by a gnoll

Illustrated notes

Levels and vault maps discovered:
D:1:      minmay_arrival_loop, layout_loops_corners
D:2:      layout_basic, serial_forest, infiniplex_forest_lined_3_way,
          infiniplex_forest_diagonal, infiniplex_forest_lined_2,
          infiniplex_forest_3_way, infiniplex_forest_lined_room_2,
          infiniplex_forest_lined_1, infiniplex_forest_clump_long,
          ebering_ecumenical_altar_webs
D:3:      layout_loops_ring, serial_shops, shop, shop, grunt_ministairs_4,
          kennysheep_flooded_box
D:4:      layout_gridville, minmay_temple_entry_crystal_x, portal_sewer_entry_e,
          serial_shops, nicolae_shop_advertising_works
          [nicolae_subvault_shop_adworks]

Skill      XL: |  1  2  3  4  5 |
---------------+----------------+-----
Spellcasting   | |  9.5
Invocations    | 1 2 |  2.1
Long Blades    | 1 |  1.9
Axes           | 1 |  1.9
Maces & Flails | 1 |  1.9
Polearms       | 1 |  1.9
Staves         | 1 |  1.9
Ranged Weapons | 1 |  1.9
Throwing       | 1 |  1.9
Dodging        | 1 |  1.9
Stealth        | 1 |  1.9
Shields        | 1 |  1.9
Unarmed Combat | 1 |  1.9
Evocations     | 1 |  1.9
Conjurations   | 1 |  1.5
Hexes          | 1 |  1.5
Summonings     | 1 |  1.5
Necromancy     | 1 |  1.5
Translocations | 1 |  1.5
Transmutations | 1 |  1.5
Fire Magic     | 1 |  1.5
Ice Magic      | 1 |  1.5
Air Magic      | 1 |  1.5
Earth Magic    | 1 |  1.5
Poison Magic   | 1 |  1.5
Short Blades   | 3 |  3.2
Armour         | 3 |  3.2
Fighting       | |  6.8

Action                   |  1- 3 |  4- 6 || total
-------------------------+-------+-------++-------
Melee: Short sword       |    43 |       ||    43
       Bite              |    17 |     6 ||    23
       Dagger            |    79 |    64 ||   143
       Punch             |     2 |     1 ||     3
Throw: Throwing net      |       |     1 ||     1
 Cast: Summon Small Mamm |    28 |    10 ||    38
  Use: Scroll            |       |     5 ||     5
       Potion            |       |     2 ||     2
 Stab: Sleeping          |     1 |       ||     1
       Distracted        |     1 |       ||     1
Armor: Robe              |    36 |     8 ||    44
       Leather armour    |       |    19 ||    19
Dodge: Dodged            |    66 |    42 ||   108

Table legend: (Time is in decaauts)
 A = Elapsed time spent in this place.
 B = Non-inter-level travel time spent in this place.
 C = Inter-level travel time spent in this place.
 D = Time resting spent in this place.
 E = Time spent auto-exploring this place.
 F = Levels seen in this place.
 G = Mean time per level.
                   A        B        C        D        E       F      G
               +--------+--------+--------+--------+--------+-----+--------+
         Total |   3372 |   3131 |    241 |    503 |   2044 |   4 |  843.0 |
       Dungeon |   3372 |   3131 |    241 |    503 |   2044 |   4 |  843.0 |
               +--------+--------+--------+--------+--------+-----+--------+

Top non-repeatable levels by time:
     D:1: 1228 daAuts
     D:3: 1088 daAuts
     D:2: 953 daAuts
     D:4: 102 daAuts
